 Dungeon Crawl Stone Soup version 0.29-a0-409-gd843f3a48c (webtiles) character file.

Game seed: 8562934969366140100

131 Heh the Skirmisher (level 4, -5/45 HPs)
             Began as a Minotaur Monk on May 14, 2022.
             Slain by an orc
             ... wielding a +0 hand axe
              (6 damage)
             ... on level 3 of the Dungeon.
             The game lasted 00:02:58 (2803 turns).

Heh the Skirmisher (Minotaur Monk)                  Turns: 2803, Time: 00:02:59

Health: -5/45      AC:  3    Str: 16    XL:     4   Next: 91%
Magic:  3/3        EV: 13    Int:  7    God:
Gold:   117        SH:  0    Dex: 14    Spells: 3/3 levels left

rFire   + . .      SeeInvis .   a - +0 falchion
rCold   . . .      Faith    .   (no shield)
rNeg    . . .      Spirit   .   h - +1 robe {rF+}
rPois   .          Reflect  .   (helmet restricted)
rElec   .          Harm     .   (no cloak)
rCorr   .          Rampage  .   (no gloves)
Will    .....                   (no boots)
Stlth   ++........              (no amulet)
HPRegen 0.15/turn               (no ring)
MPRegen 0.08/turn               (no ring)

@: mighty
A: horns 2, retaliatory headbutt
a: no special abilities


You were on level 3 of the Dungeon.
You visited 1 branch of the dungeon, and saw 3 of its levels.

You collected 117 gold pieces.

Inventory:

Hand Weapons
 a - a +0 falchion (weapon)
Missiles
 i - 6 poisoned darts (quivered)
Armour
 b - a +0 robe
 h - a +1 robe of fire resistance (worn)
Scrolls
 g - a scroll of immolation {unknown}
 j - a scroll of identify {unknown}
 k - a scroll of vulnerability {unknown}
 m - a scroll of poison {unknown}
 o - a scroll of blinking {unknown}
 p - a scroll of amnesia {unknown}
 r - a scroll of fear {unknown}
Potions
 c - a potion of ambrosia
 d - a potion of degeneration {unknown}
 e - a potion of might
 f - a potion of mutation {unknown}
 l - a potion of resistance {unknown}
 n - a potion of brilliance {unknown}
 q - a potion of flight {unknown}
 s - a potion of curing {unknown}


   Skills:
 * Level 6.6 Fighting
 - Level 3.6 Long Blades
 + Level 3.7 Dodging
 - Level 1.5 Stealth


You had 3 spell levels left.
You didn't know any spells.
Your spell library was empty.

Dungeon Overview and Level Annotations

Branches:
Dungeon (3/15)

Altars:


Innate Abilities, Weirdness & Mutations

You have a pair of horns on your head.
You reflexively headbutt those who attack you in melee.


Message History

The magic dart hits you but does no damage.
Natasha mumbles some strange words.
The ball python barely misses you. The ball python closely misses you.
The ball python attacks as you move away!
The ball python barely misses you. You furiously retaliate!
You headbutt the ball python.
You kill the ball python!
The white imp disappears for a moment.
Natasha wildly gestures.
You feel disoriented.
It was a potion of might.
You feel very mighty all of a sudden.
You slash Natasha!
Natasha is heavily wounded.
Natasha barely misses you. You furiously retaliate!
You headbutt Natasha!
You kill Natasha!
Natasha growls in agony!
The white imp disappears in a puff of smoke! x2
The orc drinks a potion.
The orc seems to grow stronger.
The orc closely misses you.
You see here a ball python corpse.
You hit the orc but do no damage.
A hobgoblin comes into view.
The orc closely misses you.
You barely miss the orc.
The hobgoblin shouts!
You headbutt the orc.
The orc is moderately wounded.
The orc hits you with a +0 hand axe.
* * * LOW HITPOINT WARNING * * *
The orc hits you with a +0 hand axe!
* * * LOW HITPOINT WARNING * * *
The orc hits you with a +0 hand axe.
* * * LOW HITPOINT WARNING * * *
The orc closely misses you. You furiously retaliate!
You headbutt the orc!
You kill the orc!
You closely miss the orc.
The orc is moderately wounded.
The orc hits you with a +0 hand axe.
You die...

..#.###########
..............#
...g...........#
#..............#
##..............#
......#.........#
......#.o.......#####.#
......#.)@............
........####......##
........#
#.##.#.########
......†.#
#.#............
......>.#
#.#..#.#######.
.....#..# #.#..#.# #.
.###....# #.#..#.# #.
.....# #.#..#.# #.
....... .....#.# #.


You could see an orc and a hobgoblin.

Vanquished Creatures
  Natasha (D:3)
  4 adders
  A worm (D:2)
  3 dart slugs (D:1)
  2 orcs (D:3)
  5 endoplasms
  A giant cockroach (D:2)
  8 goblins
  3 hobgoblins
  A quokka (D:1)
  6 ball pythons
  8 bats
  14 frilled lizards
  3 kobolds (D:1)
  4 rats
64 creatures vanquished.

Vanquished Creatures (others)
  6 plants (D:2)
  4 toadstools (D:1)
10 creatures vanquished.

Grand Total: 74 creatures vanquished

Notes
Turn   | Place    | Note
-------+----------+-------------------------------------------
     0 | D:1      | Heh the Minotaur Monk began the quest for the Orb.
     0 | D:1      | Reached XP level 1. HP: 19/19 MP: 0/0
   206 | D:1      | Reached skill level 4 in Fighting
   368 | D:1      | Reached XP level 2. HP: 12/28 MP: 1/1
   916 | D:1      | Reached skill level 5 in Fighting
   963 | D:1      | Found a faded altar of an unknown god.
   965 | D:1      | Reached XP level 3. HP: 36/36 MP: 2/2
  2047 | D:2      | Reached skill level 6 in Fighting
  2047 | D:2      | Reached XP level 4. HP: 36/44 MP: 3/3
  2783 | D:3      | Noticed Natasha
  2798 | D:3      | Killed Natasha
  2802 | D:3      | HP: 2/45 [orc/+0 hand axe (9)]
  2803 | D:3      | Slain by an orc

Illustrated notes

Levels and vault maps discovered:
D:1:      ldierk_walled_garden_2, layout_basic,
          shapermc_ecumenical_altar_notcrosses
D:2:      layout_loops_corners, minmay_lizard_king
D:3:      layout_basic, hangedman_decor_clover_reticule, uniq_natasha

Skill      XL: |  1  2  3 |
---------------+----------+-----
Fighting       | 4 5 6 |  6.6
Long Blades    | |  3.6
Dodging        | |  3.7
Stealth        | |  1.5

Action                   |  1- 3 |  4- 6 || total
-------------------------+-------+-------++-------
Melee: Falchion          |    97 |    22 ||   119
       Headbutt          |    17 |     5 ||    22
       Punch             |       |     1 ||     1
  Use: Potion            |       |     1 ||     1
 Stab: Sleeping          |     6 |       ||     6
Armor: Robe              |    23 |     5 ||    28
Dodge: Dodged            |    70 |    30 ||   100

Table legend: (Time is in decaauts)
 A = Elapsed time spent in this place.
 B = Non-inter-level travel time spent in this place.
 C = Inter-level travel time spent in this place.
 D = Time resting spent in this place.
 E = Time spent auto-exploring this place.
 F = Levels seen in this place.
 G = Mean time per level.
                   A        B        C        D        E       F      G
               +--------+--------+--------+--------+--------+-----+--------+
         Total |   2817 |   2648 |    169 |    390 |   1911 |   3 |  939.0 |
       Dungeon |   2817 |   2648 |    169 |    390 |   1911 |   3 |  939.0 |
               +--------+--------+--------+--------+--------+-----+--------+

Top non-repeatable levels by time:
     D:1: 1469 daAuts
     D:2: 1208 daAuts
     D:3: 139 daAuts
